 Dungeon Crawl Stone Soup version 0.18-b1-16-g289874d (webtiles) character file.

17615 Wooh the Fighter (level 12, -9/90 HPs)
             Began as a Gargoyle Gladiator on May 1, 2016.
             Was a Priest of Makhleb.
             Mangled by a sun demon (17 damage)
             ... summoned by an orc sorcerer
             ... on level 2 of the Orcish Mines.
             The game lasted 01:24:13 (16049 turns).

Wooh the Fighter (Gargoyle Gladiator)              Turns: 16049, Time: 01:24:14

Health: -9/90      AC: 15    Str: 24    XL:     12   Next: 49%
Magic:  16/16      EV: 12    Int:  6    God:    Makhleb [***...]
Gold:   1373       SH:  0    Dex: 13    Spells: 0 memorised, 11 levels left

rFire  . . .     SeeInvis .     d - +6 whip of the Jester {freeze, rC+ rN++ Int-3}
rCold  + . .     Gourm    .     i - +4 chain mail {rPois}
rNeg   + + +     Faith    .     (no shield)
rPois  ∞         Spirit   .     c - +0 helmet
rElec  +         Dismiss  .     o - +0 cloak
rCorr  .         Reflect  .     (no gloves)
SustAt .         Harm     .     (no boots)
MR     .....     Clarity  +     (no amulet)
Stlth  ..........               y - +3 ring of slaying
                                r - +3 ring of strength

@: corroded, not resistant to hostile enchantments, extremely unstealthy
A: clarity, negative energy resistance 1, robust 1, electricity resistance,
unbreathing, petrification resistance, rot immunity, AC +8
a: Minor Destruction, Lesser Servant of Makhleb, Renounce Religion


You were on level 2 of the Orcish Mines.
You worshipped Makhleb.
Makhleb was most pleased with you.
You were not hungry.

You visited 3 branches of the dungeon, and saw 13 of its levels.
You also visited: Sewer.

You collected 1373 gold pieces.

Inventory:

Hand Weapons
 b - a +2 demon trident of flaming
 d - the +6 whip of the Jester (weapon) {freeze, rC+ rN++ Int-3}
   (You took it off a gnoll on level 4 of the Dungeon)

   It has been specially enchanted to freeze those struck by it, causing extra
   injury to most foes and up to half again as much damage against particularly
   susceptible opponents.
   It can also slow down cold-blooded creatures.
   It affects your intelligence (-3).
   It protects you from cold.
   It greatly protects you from negative energy.
Missiles
 v - 4 throwing nets (quivered)
Armour
 c - a +0 helmet (worn)
 i - a +4 chain mail of poison resistance (worn)
 o - a +0 cloak (worn)
Jewellery
 r - a +3 ring of strength (left hand)
 y - a +3 ring of slaying (right hand)
 H - an uncursed ring of flight
Wands
 z - a wand of paralysis (9/24)
 G - a wand of digging (9/24)
 Q - a wand of lightning (7/15)
Scrolls
 k - 2 scrolls of remove curse
 m - 4 scrolls of magic mapping
 n - a scroll of enchant weapon {unknown}
 p - 2 scrolls of recharging
 s - a scroll of random uselessness {unknown}
 D - 5 scrolls of blinking
Potions
 g - 2 potions of haste
 j - a potion of heal wounds
 l - a potion of invisibility {unknown}
 q - 4 potions of curing
 A - a potion of lignification {unknown}
 I - 2 potions of might
 L - a potion of magic
 P - a potion of ambrosia {unknown}
 R - a potion of cure mutation {unknown}
 S - a potion of agility {unknown}
Miscellaneous
 a - an ornate deck of defence
 e - a crystal ball of energy
Comestibles
 f - 9 bread rations
 h - 4 chunks of flesh
 t - 3 beef jerkies
 B - 4 meat rations


   Skills:
 - Level 12.4 Fighting
 + Level 8.7(9.0) Maces & Flails
   Level 3.0(6.2) Staves
 - Level 1.7 Throwing
 - Level 11.1 Armour
 - Level 7.2 Dodging
 - Level 6.4 Invocations


You had 11 spell levels left.
You didn't know any spells.

Dungeon Overview and Level Annotations

Branches:
Dungeon (10/15)            Temple (1/1) D:4             Orc (2/2) D:9
    Elf (0/3) Orc:2
   Lair: D:8-11

Altars:
Ashenzari
Cheibriados
Dithmenos
Elyvilon
Fedhas
Gozag
Kikubaaqudgha
Makhleb
Nemelex Xobeh
Okawaru
Pakellas
Qazlal
Ru
Sif Muna
Trog
Vehumet
Xom
Yredelemnul
Zin
The Shining One
Beogh

Shops:
D:6 }   Orc:2 %!


Innate Abilities, Weirdness & Mutations

You are resistant to torment.
Your stone body is resilient (AC +8).
You are immune to poison.
You resist negative energy.
You are resistant to electric shocks.
You can survive without breathing.
You are immune to petrification.
You are immune to rotting.
You possess an exceptional clarity of mind.
You are robust (+10% HP).


Message History

Press: ? - help, Shift-Dir - straight line, f/p - orc high priest
Aim: an orc high priest, wielding an enchanted mace and wearing a leather armour (heavily wounded)
The orc high priest convulses in agony!
You feel slightly more hungry.
The sixfirhy hits you but does no damage. x2
The orc high priest barely misses you. The sixfirhy barely misses you.
A demon appears!
You feel slightly more hungry.
The sixfirhy hits you but does no damage. x2
The orc sorcerer points at you and mumbles some strange words.
The bolt of negative energy hits the sixfirhy.
The sixfirhy completely resists.
The bolt of negative energy hits you! You resist.
The sixfirhy hits you but does no damage.
Some of the chunks of flesh in your inventory have rotted away.
The sixfirhy hits you but does no damage.
The orc high priest invokes the aid of Beogh against you.
Beogh smites you! The sun demon hits you!!
* * * LOW HITPOINT WARNING * * *
You are engulfed in flames!
You die...

# ###.....##..#.## #
##......##......#
####.....####......#
##.#........#......##
#..................#
#..........#......# ###
#.................## ##.##
#.................# ##∩.∩##
##..@3#............#
##.....###...4..3........#.##
##..#.#..###...oo..........##
##.(.......###....44.........#
##.(.#.#.#...###..............##
#..[[........o###..............#
..#.#.....#.#§)###..))[........#
.##[...#...(##[§###..(.........#
###...###..o###.)####..........#


You could see an orc high priest, a sun demon, a hellwing, a sixfirhy, an orc
sorcerer, a red devil and a friendly ynoxinul.

Vanquished Creatures
  An orc warlord (Orc:1)
  An unseen horror (D:9)
  Pikel (D:4)
  The ghost of bollicks1999 the Covert, a novice OpAs (D:5)
  A rust devil (Orc:2)
  The ghost of RexLacerta the Ducker, a novice DsCK of Xom (D:6)
  The ghost of otab the Cudgeler, an amateur OgBe of Trog (D:4)
  2 ice devils (Orc:2)
  A red devil (Orc:2)
  4 trolls
  2 two-headed ogres
  A wyvern (D:8)
  A hippogriff (D:9)
  Grum (D:8)
  A hungry ghost (D:7)
  Duvessa (D:7)
  9 wargs
  17 orc warriors
  2 ice beasts
  2 sky beasts
  A slave (D:3)
  A black bear (D:8)
  A phantom (D:7)
  3 wolves (D:8)
  8 ogres
  A centaur (D:8)
  7 giant frogs
  A gnoll sergeant (D:4)
  Dowan (D:7)
  A scorpion (D:7)
  4 wights (D:9)
  2 howler monkeys (D:8)
  2 crimson imps
  3 centaur zombies
  A giant frog zombie (D:9)
  3 centaur skeletons
  9 hounds
  21 orc priests
  4 gnoll shamans (D:4)
  A jelly (D:5)
  13 orc wizards
  2 giant frog skeletons
  4 worker ants
  An iguana (D:8)
  A hound zombie (D:6)
  3 worker ant zombies
  28 gnolls (D:4)
  A river rat (D:6)
  8 adders
  5 shadow imps
  2 oozes
  An adder zombie (D:5)
  2 worms
  3 dart slugs
  13 giant geckos
  45 orcs
  11 giant cockroaches
  7 goblins
  7 hobgoblins
  29 jackals
  4 quokkas
  3 ball pythons (Sewer)
  4 bats
  7 giant newts
  2 jackal zombies
  7 kobolds
  6 rats
345 creatures vanquished.

Vanquished Creatures (collateral kills)
  An orc warlord (Orc:2)
  A sun demon (Orc:2)
  4 orc knights
  A cyclops (Orc:1)
  An orc sorcerer (Orc:2)
  A rust devil (Orc:2)
  4 trolls
  4 wargs
  12 orc warriors
  An ogre (Orc:1)
  11 orc priests
  3 orc wizards
  20 orcs
64 creatures vanquished.

Vanquished Creatures (others)
  2 slaves (D:4)
  A worm (D:4)
3 creatures vanquished.

Grand Total: 412 creatures vanquished

Notes
Turn   | Place    | Note
--------------------------------------------------------------
     0 | D:1      | Wooh the Gargoyle Gladiator began the quest for the Orb.
     0 | D:1      | Reached XP level 1. HP: 12/12 MP: 1/1
   196 | D:1      | Reached skill level 1 in Armour
   260 | D:1      | Reached XP level 2. HP: 16/17 MP: 2/2
   616 | D:1      | Reached XP level 3. HP: 17/21 MP: 3/3
  1288 | D:3      | Reached XP level 4. HP: 26/26 MP: 4/4
  1470 | D:3      | Reached skill level 5 in Armour
  1470 | D:3      | Reached XP level 5. HP: 21/30 MP: 5/5
  1677 | D:3      | Reached skill level 3 in Fighting
  2453 | D:4      | Noticed otab's ghost (amateur OgBe)
  2747 | D:4      | Noticed Pikel
  2747 | D:4      | Noticed a slave
  2747 | D:4      | Noticed a slave
  2747 | D:4      | Noticed a slave
  2747 | D:4      | Noticed a slave
  2750 | D:4      | Noticed an ogre
  3102 | D:3      | Killed a slave
  3399 | D:4      | Killed Pikel
  3399 | D:4      | Reached skill level 6 in Fighting
  3399 | D:4      | Reached XP level 6. HP: 42/42 MP: 6/6
  3399 | D:4      | Reached XP level 7. HP: 47/47 MP: 7/7
  3406 | D:4      | Reached skill level 7 in Fighting
  3899 | D:4      | Killed otab's ghost
  3899 | D:4      | Reached skill level 8 in Fighting
  3899 | D:4      | Reached XP level 8. HP: 16/56 MP: 8/8
  4406 | D:4      | Reached skill level 9 in Fighting
  4462 | D:4      | Found a staircase to the Ecumenical Temple.
  4478 | Temple   | Entered the Ecumenical Temple
  4606 | D:4      | Found a deep blue altar of Sif Muna.
  4609 | D:4      | Got a twisted robe
  4620 | D:4      | Identified the +1 robe of the Game of Kings {Str+4} (You found it on level 4 of the Dungeon)
  4623 | D:4      | Found a white marble altar of Elyvilon.
  4623 | D:4      | Found a burning altar of Makhleb.
  4623 | D:4      | Found an iron altar of Okawaru.
  4624 | D:4      | Found a glowing silver altar of Zin.
  4626 | D:4      | Found a blossoming altar of Fedhas.
  4631 | D:4      | Became a worshipper of Makhleb the Destroyer
  4831 | D:4      | Got an ichor-stained whip {freeze}
  4832 | D:4      | Identified the +6 whip of the Jester {freeze, rC+ rN++ Int-3} (You took it off a gnoll on level 4 of the Dungeon)
  5104 | D:4      | Reached * piety under Makhleb
  5316 | D:4      | Reached skill level 10 in Fighting
  5709 | D:4      | Reached ** piety under Makhleb
  5845 | D:4      | Reached XP level 9. HP: 62/62 MP: 9/9
  5864 | D:5      | Entered Level 5 of the Dungeon
  6011 | D:5      | Noticed bollicks1999's ghost (novice OpAs)
  6016 | D:5      | Got a jewelled cloak
  6035 | D:5      | Killed bollicks1999's ghost
  6035 | D:5      | Reached skill level 5 in Dodging
  6053 | D:5      | Identified the +1 cloak of the Sky {rCorr Str-3 Dex-4 Stlth+} (You found it on level 5 of the Dungeon)
  6587 | D:6      | Found Quodocoe's Gadget Emporium.
  6610 | D:6      | Reached skill level 1 in Invocations
  6736 | D:6      | Found a glowing drain.
  6743 | Sewer    | Entered a sewer
  6810 | Sewer    | Reached *** piety under Makhleb
  7030 | D:6      | Found a basalt altar of Yredelemnul.
  7035 | D:6      | Found a glowing golden altar of the Shining One.
  7037 | D:6      | Noticed an angel
  7273 | D:6      | Reached skill level 11 in Fighting
  7277 | D:6      | Gained mutation: You are robust (+10% HP). [mutagenic meat]
  7278 | D:6      | Gained mutation: You possess an exceptional clarity of mind. [mutagenic meat]
  7279 | D:6      | Noticed RexLacerta's ghost (novice DsCK)
  7297 | D:6      | Killed RexLacerta's ghost
  8016 | D:7      | Noticed Dowan
  8017 | D:7      | Noticed Duvessa
  8037 | D:7      | Killed Duvessa
  8041 | D:7      | Killed Dowan
  8132 | D:7      | Reached XP level 10. HP: 75/78 MP: 13/13
  8172 | D:7      | Reached skill level 5 in Invocations
  8466 | D:7      | Reached skill level 12 in Fighting
  8687 | D:8      | Noticed Grum
  8718 | D:8      | Killed Grum
  8901 | D:8      | Reached **** piety under Makhleb
  9098 | D:8      | Reached skill level 1 in Maces & Flails
  9594 | D:9      | Killed an unseen horror
 10507 | D:9      | Found a staircase to the Orcish Mines.
 10732 | D:10     | Entered Level 10 of the Dungeon
 10768 | D:10     | Reached XP level 11. HP: 76/83 MP: 15/15
 10904 | Orc:1    | Entered Level 1 of the Orcish Mines
 10957 | Orc:1    | Noticed a cyclops
 10984 | Orc:1    | Reached skill level 5 in Maces & Flails
 10992 | Orc:1    | Killed a cyclops
 11474 | Orc:1    | Noticed an orc knight
 11492 | Orc:1    | Killed an orc knight
 11547 | Orc:1    | Noticed an orc knight
 11581 | Orc:1    | Killed an orc knight
 12084 | Orc:1    | Noticed an orc knight
 12095 | Orc:1    | Killed an orc knight
 12099 | Orc:1    | Found a roughly hewn altar of Beogh.
 12308 | Orc:1    | Found a roughly hewn altar of Beogh.
 12547 | Orc:2    | Entered Level 2 of the Orcish Mines
 12589 | Orc:2    | Noticed an orc warlord
 12589 | Orc:2    | Noticed an orc sorcerer
 12607 | Orc:1    | Killed an orc warlord
 12737 | Orc:2    | Found a staircase to the Elven Halls.
 12798 | Orc:2    | Killed an orc sorcerer
 13115 | Orc:2    | Noticed an orc warlord
 13765 | Orc:2    | Killed an orc warlord
 13765 | Orc:2    | Reached skill level 10 in Armour
 13765 | Orc:2    | Reached XP level 12. HP: 42/90 MP: 16/16
 14588 | Orc:2    | Found Suvohool's Distillery.
 14601 | Orc:2    | Found Xinesuas's Food Boutique.
 15160 | Orc:2    | Found a shimmering altar of Xom.
 15492 | Orc:2    | Noticed a sun demon
 15505 | Orc:2    | Killed a sun demon
 15992 | Orc:2    | Noticed an orc high priest
 16034 | Orc:2    | Noticed a sun demon
 16049 | Orc:2    | Mangled by a sun demon

Skill      XL: |  1  2  3  4  5  6  7  8  9 10 11 12 |
---------------+-------------------------------------+-----
Armour         | 1 2 3 5 10 11 | 11.1
Fighting       | 6 8 10 11 12 | 12.4
Dodging        | 4 5 6 7 |  7.2
Invocations    | 4 6 |  6.4
Maces & Flails | 4 6 8 |  8.7
Staves         | |  3.0
Throwing       | |  1.7

Action                   |  1- 3 |  4- 6 |  7- 9 | 10-12 || total
-------------------------+-------+-------+-------+-------++-------
Melee: Quarterstaff      |   129 |   137 |   134 |       ||   400
       Whip              |       |       |   348 |   629 ||   977
Throw: Tomahawk          |       |     8 |     3 |       ||    11
       Throwing net      |       |     3 |       |     1 ||     4
Invok: Minor Destruction |       |       |     9 |   211 ||   220
       Lesser Servant of |       |       |       |    43 ||    43
Evoke: Wand              |       |     5 |     3 |       ||     8
  Use: Scroll            |       |       |     3 |    13 ||    16
       Potion            |       |       |       |     2 ||     2
 Stab: Sleeping          |     1 |       |       |       ||     1
       Paralysed         |       |     7 |       |       ||     7
       Distracted        |       |       |       |     2 ||     2
       Held in net/web   |       |       |       |     1 ||     1
  Eat: Chunk             |     1 |     7 |    17 |    32 ||    57
       Meat ration       |       |       |       |     2 ||     2
       Pizza             |       |       |       |     1 ||     1
Armor: Leather armour    |    45 |    88 |    12 |       ||   145
       Scale mail        |       |       |   185 |   195 ||   380
       Robe              |       |       |    25 |       ||    25
       Plate armour      |       |       |       |   160 ||   160
       Chain mail        |       |       |       |    27 ||    27
Dodge: Dodged            |   101 |   178 |   273 |   353 ||   905
